 Dungeon Crawl Stone Soup version 0.28-a0-410-gbef64dd269 (webtiles) character file.

Game seed: 6058478077714793405

37300 senseless the Cleaver (level 13, -1/103 HPs)
             Began as a Demonspawn Fighter on Sept 6, 2021.
             Was the Champion of Okawaru.
             Killed from afar by a lindwurm (22 damage)
             ... with a blast of flame
             ... on level 5 of the Lair of Beasts.
             The game lasted 01:04:08 (17076 turns).

senseless the Cleaver (Demonspawn Fighter)         Turns: 17076, Time: 01:04:09

Health: -1/103     AC: 33    Str: 33    XL:     13   Next: 57%
Magic:  4/4        EV:  5    Int: 11    God:    Okawaru [******]
Gold:   1170       SH: 22    Dex: 16    Spells: 12/12 levels left

rFire   . . .      SeeInvis .   S - +9 hand axe of Leibydd {antimagic, rPois Str+7 Stlth+}
rCold   . . .      Faith    .   Q - +5 tower shield
rNeg    . . .      Spirit   .   M - +1 crystal plate armour
rPois   +          Reflect  .   U - +2 hat of the Thistle {rElec Dex+3}
rElec   +          Harm     .   d - +0 cloak
rCorr   .          Rampage  +   b - +2 pair of gloves {Stlth+}
Will    .....                   a - +0 pair of boots {rampage}
Stlth   ..........              G - amulet of regeneration
HPRegen 1.27/turn               R - +6 ring of strength
MPRegen 0.09/turn               J - ring of poison resistance

@: mighty, flying, studying 2 skills
A: claws 2, yellow scales 1, foul stench 2, powered by pain 2
a: Renounce Religion, Heroism, Finesse, Duel


You were on level 5 of the Lair of Beasts.
You worshipped Okawaru.
Okawaru was exalted by your worship.
You visited 3 branches of the dungeon, and saw 15 of its levels.
You also visited: Gauntlet and Ice Cave.

You collected 1271 gold pieces.
You spent 101 gold pieces at shops.

Inventory:

Hand Weapons
 w - the +2 hand axe of Autumn {flame, rN+ SInv}
   (You found it on level 5 of the Dungeon)

   It burns those it strikes, dealing additional fire damage.
   Big, fiery blades are also staple armaments of hydra-hunters.
   rN:        It protects you from negative energy.
   SInv:      It lets you see invisible.
 B - the +5 hunting sling of the Dripping Big Fish {speed, Str+2}
   (You took it off a skeletal warrior on level 9 of the Dungeon)

   Attacks with this weapon are significantly faster.
   Str:       It affects your strength (+2).
 S - the +9 hand axe of Leibydd (weapon) {antimagic, rPois Str+7 Stlth+}
   (Okawaru gifted it to you on level 2 of the Lair of Beasts)

   It reduces the magical energy of the wielder, and disrupts the spells and
   magical abilities of those it strikes.
   Natural abilities and divine invocations are not affected.
   Str:       It affects your strength (+7).
   rPois:     It protects you from poison.
   Stlth:     It makes you more stealthy.
 V - the +2 Maxwell's thermic engine {flame, freeze}
   (You found it on level 4 of the Lair of Beasts)

   It burns those it strikes, dealing additional fire damage.
   Big, fiery blades are also staple armaments of hydra-hunters.
   It freezes those it strikes, dealing additional cold damage.
   It can also slow down cold-blooded creatures.
   It becomes more effective when it hits something.
   This effect fades over time.
Missiles
 e - 2 throwing nets
 l - 40 poisoned darts (quivered)
 s - 8 silver javelins
 z - 26 javelins
 K - 25 sling bullets
 O - 8 curare-tipped darts
Armour
 a - a +0 pair of boots of rampaging (worn)
 b - a +2 pair of gloves of stealth (worn)
 d - a +0 cloak (worn)
 I - a +1 plate armour of cold resistance
 M - a +1 crystal plate armour (worn)
 Q - a +5 tower shield (worn)
 U - the +2 hat of the Thistle (worn) {rElec Dex+3}
   (You acquired it on level 2 of the Lair of Beasts)

   Dex:       It affects your dexterity (+3).
   rElec:     It insulates you from electricity.
Jewellery
 c - a ring of ice
 t - an amulet of faith
 v - the ring "Haeketin" {rCorr Str+4}
   (You found it in a Gauntlet)

   [ring of resist corrosion]

   Str:       It affects your strength (+4).
   rCorr:     It protects you from acid and corrosion.
 A - a ring of resist corrosion
 G - an amulet of regeneration (around neck)
 J - a ring of poison resistance (right hand)
 R - a +6 ring of strength (left hand)
 W - a ring of see invisible
Wands
 h - a wand of iceblast (14)
 q - a wand of acid (28)
 r - a wand of flame (33)
 y - a wand of digging (11)
 L - a wand of polymorph (5)
Scrolls
 g - 5 scrolls of immolation
 m - 4 scrolls of blinking
 n - 2 scrolls of teleportation
 o - 2 scrolls of fear
 p - 4 scrolls of amnesia
 u - a scroll of silence
 N - a scroll of enchant weapon
 P - 2 scrolls of fog
 X - a scroll of magic mapping
Potions
 f - 9 potions of lignification
 i - a potion of ambrosia
 j - 2 potions of resistance
 k - 3 potions of curing
 x - 2 potions of mutation
 C - a potion of flight
 D - 4 potions of attraction
 E - 2 potions of haste
 F - 2 potions of cancellation
 H - 2 potions of brilliance
 T - a potion of berserk rage {unknown}


   Skills:
 + Level 9.9 Fighting
 + Level 13.3 Axes
 + Level 2.5 Throwing
 + Level 12.0 Armour
 + Level 2.4 Dodging
 + Level 1.4 Stealth
 + Level 11.7 Shields


You had 12 spell levels left.
You didn't know any spells.
Your spell library contained the following spells:

 Spells                   Type           Power      Damage    Failure   Level
 Apportation              Tloc           0%         N/A       100%        1
 Magic Dart               Conj           0%         1d3       100%        1
 Pain                     Necr           0%         1d4       100%        1
 Slow                     Hex            0%         N/A       100%        2
 Static Discharge         Conj/Air       0%         N/A       100%        2
 Confusing Touch          Hex            0%         N/A       100%        3
 Inner Flame              Hex/Fire       0%         N/A       100%        3
 Mephitic Cloud           Conj/Pois/Air  0%         N/A       100%        3
 Stone Arrow              Conj/Erth      0%         3d7       100%        3
 Fulminant Prism          Conj/Hex       0%         3d6       100%        4
 Passage of Golubria      Tloc           N/A        N/A       100%        4
 Agony                    Necr           0%         N/A       100%        5
 Alistair's Intoxication  Tmut/Pois      0%         N/A       100%        5
 Excruciating Wounds      Necr           0%         N/A       100%        5
 Freezing Cloud           Conj/Ice/Air   0%         6-21      100%        5
 Iskenderun's Battlesphe  Conj           0%         2d6       100%        5
 Yara's Violent Unravell  Hex/Tmut       0%         3d3       100%        5
 Lehudib's Crystal Spear  Conj/Erth      0%         10d2      100%        8
 Polar Vortex             Ice            0%         N/A       100%        9
 Animate Skeleton         Necr           Unusable   N/A       N/A         1
 Summon Small Mammal      Summ           Unusable   N/A       N/A         1
 Call Imp                 Summ           Unusable   N/A       N/A         2
 Tukima's Dance           Hex            Unusable   N/A       N/A         3
 Animate Armour           Summ/Erth      Unusable   N/A       N/A         4
 Simulacrum               Ice/Necr       Unusable   N/A       N/A         6

Dungeon Overview and Level Annotations

Branches:
Dungeon (9/15)             Temple (1/1) D:4            Lair (5/6) D:9
 Shoals (0/4) Lair:4       Spider (0/4) Lair:3          Orc (0/2) D:9
  IceCv (visited)         Gauntlet (visited)
  Slime: Lair:5-6

Altars:
Ashenzari
Cheibriados
Dithmenos
Elyvilon
Fedhas
Gozag
Hepliaklqana
Kikubaaqudgha
Makhleb
Nemelex Xobeh
Okawaru
Qazlal
Ru
Sif Muna
Uskayaw
Vehumet
Wu Jian
Yredelemnul
Zin
The Shining One

Shops:
D:6 !   D:9 :

Annotations:
D:8 2 transporters, MoonlitKnight's ghost, novice GnCj


Innate Abilities, Weirdness & Mutations

You have very sharp fingernails.
You are partially covered in yellow scales. (AC +2)
You sometimes emit foul miasma when damaged in melee.
You sometimes gain power by taking damage.


Message History

The lindwurm claws you.
* * * LOW HITPOINT WARNING * * *
You block the lindwurm's attack. x3
The lindwurm claws you but does no damage.
The lindwurm closely misses you. You block the lindwurm's attack.
The lindwurm claws you but does no damage.
You slash the lindwurm!
The lindwurm is moderately wounded.
You slash the lindwurm! You hit the lindwurm. You block the lindwurm's attack.
The lindwurm claws you but does no damage.
The lindwurm claws you.
* * * LOW HITPOINT WARNING * * *
You emit a cloud of foul miasma!
The lindwurm barely misses you. The lindwurm claws you.
* * * LOW HITPOINT WARNING * * *
You emit a cloud of foul miasma!
You block the lindwurm's attack. x2
The lindwurm claws you but does no damage. x2
You slash the lindwurm!
The lindwurm is moderately wounded.
You hit the lindwurm. You slash the lindwurm!
The lindwurm is engulfed in dark miasma.
The lindwurm is poisoned.
You kill the lindwurm!
Okawaru accepts your kill.
The lindwurm is engulfed in dark miasma.
The lindwurm is poisoned.
The lindwurm seems to slow down.
You block the lindwurm's attack. x2
The lindwurm claws you but does no damage.
The lindwurm breathes flames at you.
The blast of flame hits you but does no damage.
Your shield and crystal plate armour prevent you from hitting the lindwurm.
The lindwurm is moderately wounded.
You slice the lindwurm!!
Unknown command.
You slice the lindwurm!!
The lindwurm is severely wounded.
You hit the lindwurm but do no damage. The lindwurm breathes flames at you.
The blast of flame hits you!!
You die...

#.P..#...≈§≈§≈§§..kk≈≈≈≈≈≈≈......
.#####..≈≈§§§≈k..##§..≈≈≈≈§§.....
## ##..≈≈≈≈≈§..####..≈≈≈≈≈≈.....
# #...≈≈§§§..#.$(.#k.§§≈§§.§.#.
##.≈≈≈≈§≈.##/[:!##.≈≈≈≈≈§....
#####..≈§§§§§.##(} ##.≈§≈≈≈≈....
.#.##...≈≈≈≈≈..#. .#§.≈≈≈§≈..#..
........§§≈≈≈≈.k####..§≈≈≈≈≈§..##
........≈§§≈≈§kk@##...§≈≈≈§≈..#.+
.........≈§≈≈≈§§○§..≈≈≈§≈≈≈.....P
.........≈§§§≈≈§≈§§§§≈≈≈§≈≈..P.##
..........§≈≈§§§§§≈§§≈≈≈§§..#####
.......§.§.§≈≈≈≈≈§§§≈≈§§§§...## #
###.#.......≈≈≈§≈§≈≈≈≈≈§§.....###
#####....§...≈§≈≈§≈≈≈.....####..
#.#....###P...§§§≈.....######...
##......#####..#....#.#.##.##....


You could see 3 lindwurms.

Vanquished Creatures
  A minotaur (Gauntlet)
  The ghost of quik the Arsonist, a journeyman TeFE of Ignis (Lair:4)
  3 hydras
  Fannar (Lair:2)
  A centaur warrior (D:9)
  2 catoblepae
  2 death scarabs (Gauntlet)
  Nergalle (Lair:3)
  A skeletal warrior (D:9)
  2 bog bodies (IceCv)
  A lindwurm (Lair:5)
  2 cyclopes (D:9)
  3 manticores
  An ice statue (IceCv)
  A torpor snail (Lair:4)
  2 gargoyles (Gauntlet)
  12 cane toads
  A freezing wraith (IceCv)
  3 rime drakes
  6 komodo dragons
  An ice devil (IceCv)
  An anaconda simulacrum (IceCv)
  A jumping spider (Lair:3)
  A wind drake (Lair:4)
  8 blink frogs (Lair:2)
  2 polar bears
  4 dream sheep (Lair:4)
  7 spriggans (Lair:1)
  2 vampires
  17 yaks
  A steam dragon (D:9)
  A basilisk (Lair:5)
  6 wyverns
  2 death yak simulacra (IceCv)
  5 vampire mosquitoes
  A warg (D:8)
  A harpy simulacrum (IceCv)
  2 spectral cane toads (Gauntlet)
  An acid dragon (D:9)
  23 water moccasins
  Duvessa (D:4)
  2 black bears (D:7)
  7 orc warriors
  A sky beast (shapeshifter) (Gauntlet)
  2 necrophages
  3 ice beasts
  A sky beast (D:6)
  2 ogres (D:4)
  6 wolves (Lair:4)
  4 centaurs
  A kobold brigand (D:8)
  12 bullfrogs
  Dowan (D:4)
  A scorpion (D:6)
  2 wyvern zombies
  6 two-headed ogre simulacra (IceCv)
  5 wights
  3 elephant simulacra (IceCv)
  5 killer bees
  8 howler monkeys
  5 electric eels
  3 centaur zombies
  3 hounds
  3 jellies
  4 orc priests
  Crazy Yiuf (D:3)
  3 iguanas
  9 orc wizards
  A polar bear simulacrum (IceCv)
  4 spriggan simulacra (IceCv)
  Terence (D:3)
  2 troll simulacra (IceCv)
  2 wolf simulacra (IceCv)
  A centaur simulacrum (D:9)
  A howler monkey zombie (D:9)
  Robin (D:3)
  A howler monkey skeleton (D:6)
  5 naga simulacra (IceCv)
  6 adders
  5 gnolls
  2 shadow imps
  8 white imps (IceCv)
  4 ufetubi (IceCv)
  An adder skeleton (D:4)
  3 worms
  2 dart slugs
  26 orcs
  10 endoplasms
  A giant cockroach (D:2)
  18 goblins
  10 hobgoblins
  A jackal (D:2)
  A quokka (D:2)
  7 ball pythons
  4 bats
  6 frilled lizards
  7 kobolds
  5 rats
384 creatures vanquished.

Vanquished Creatures (others)
  17 fungi
  23 plants
40 creatures vanquished.

Grand Total: 424 creatures vanquished

Notes
Turn   | Place    | Note
-------+----------+-------------------------------------------
     0 | D:1      | senseless the Demonspawn Fighter began the quest for the
                  | Orb.
     0 | D:1      | Reached XP level 1. HP: 18/18 MP: 1/1
   237 | D:1      | Gained mutation: You sometimes gain a little power by
                  | taking damage. [demonic ancestry]
   237 | D:1      | Reached XP level 2. HP: 22/24 MP: 2/2
   299 | D:1      | Reached skill level 2 in Axes
   550 | D:2      | Found a faded altar of an unknown god.
   558 | D:2      | Gained mutation: You are partially covered in yellow
                  | scales. (AC +2) [demonic ancestry]
   558 | D:2      | Reached XP level 3. HP: 29/29 MP: 3/3
   688 | D:2      | Became a worshipper of Sif Muna the Loreminder
   688 | D:2      | Reached * piety under Sif Muna
   689 | D:2      | Fell from the grace of Sif Muna
  1348 | D:2      | Reached XP level 4. HP: 36/37 MP: 4/4
  1676 | D:3      | Identified a scroll of acquirement
  1676 | D:3      | Acquired a +2 pair of gloves of stealth
  1677 | D:3      | Found a sacrificial altar of Ru.
  1758 | D:3      | HP: 1/37 [acid (7)]
  2084 | D:3      | Reached skill level 3 in Axes
  2097 | D:3      | Noticed Robin
  2109 | D:3      | Killed Robin
  2301 | D:3      | Found a hide-covered altar of Uskayaw.
  2378 | D:3      | Reached XP level 5. HP: 42/42 MP: 5/5
  2485 | D:3      | Noticed Terence
  2495 | D:3      | Killed Terence
  2725 | D:3      | Reached skill level 1 in Throwing
  3080 | D:3      | Found a runed translucent door.
  3081 | D:3      | Noticed Crazy Yiuf
  3288 | D:3      | Killed Crazy Yiuf
  3289 | D:3      | Reached skill level 4 in Axes
  3289 | D:3      | Gained mutation: You have sharp fingernails. [demonic
                  | ancestry]
  3289 | D:3      | Reached XP level 6. HP: 42/48 MP: 6/6
  3398 | D:4      | Noticed Duvessa
  3398 | D:4      | Noticed Dowan
  3417 | D:4      | Killed Duvessa
  3436 | D:4      | Killed Dowan
  3963 | D:4      | Found a staircase to the Ecumenical Temple.
  4056 | D:4      | Got Sif Muna's Reference Book on Harmful Heat
  4083 | Temple   | Entered the Ecumenical Temple
  4128 | Temple   | Became a worshipper of Warmaster Okawaru
  4231 | D:4      | Reached XP level 7. HP: 53/54 MP: 7/7
  4595 | D:4      | Reached skill level 5 in Axes
  4747 | D:4      | Found an ancient bone altar of Kikubaaqudgha.
  4915 | D:5      | Entered Level 5 of the Dungeon
  4918 | D:5      | Found a stormy altar of Qazlal.
  5026 | D:5      | Reached skill level 5 in Armour
  5098 | D:5      | Identified the +3 robe of Sorcery {Str+3}
  5166 | D:5      | Identified the +2 hand axe of Autumn {flame, rN+ SInv}
  5180 | D:5      | Reached * piety under Okawaru
  5181 | D:5      | Reached skill level 1 in Dodging
  5181 | D:5      | Gained mutation: You may rarely emit foul miasma when
                  | damaged in melee. [demonic ancestry]
  5181 | D:5      | Reached XP level 8. HP: 61/61 MP: 8/8
  5428 | D:5      | Reached skill level 6 in Axes
  5598 | D:5      | Reached ** piety under Okawaru
  5664 | D:4      | Was forgiven by Sif Muna
  6550 | D:6      | Found Moluin's Distillery.
  6558 | D:6      | Bought a potion of degeneration for 11 gold pieces
  6633 | D:6      | Reached skill level 7 in Axes
  6911 | D:6      | Reached skill level 5 in Fighting
  7055 | D:7      | Found a burning altar of Makhleb.
  7055 | D:7      | Found a radiant altar of Vehumet.
  7359 | D:7      | Reached *** piety under Okawaru
  7360 | D:7      | Reached XP level 9. HP: 64/68 MP: 9/9
  7984 | D:7      | Reached skill level 8 in Axes
  8027 | D:7      | Reached **** piety under Okawaru
  8194 | D:7      | Found Zin's Purification Station.
  8200 | D:7      | Bought a potion of curing for 90 gold pieces
  8495 | D:8      | Noticed MoonlitKnight's ghost (novice GnCj)
  8495 | D:8      | Found a transporter.
  8495 | D:8      | Found a transporter.
  8498 | D:8      | Noticed a cyclops
  8530 | D:7      | Received a gift from Okawaru
  9378 | D:8      | Reached skill level 9 in Axes
  9378 | D:8      | Gained mutation: You sometimes gain power by taking damage.
                  | [demonic ancestry]
  9378 | D:8      | Reached XP level 10. HP: 65/76 MP: 10/10
  9451 | D:8      | Reached ***** piety under Okawaru
  9729 | D:8      | Noticed a catoblepas
  9777 | D:8      | Found a shadowy altar of Dithmenos.
  9781 | D:8      | Killed a catoblepas
  9782 | D:8      | Reached skill level 5 in Shields
 10206 | D:8      | Found a broken altar of Ashenzari.
 10315 | D:9      | Found Heiciunt's Book Shop.
 10459 | D:9      | Noticed a centaur warrior
 10465 | D:9      | Killed a centaur warrior
 10618 | D:8      | Reached skill level 10 in Axes
 10654 | D:8      | Received a gift from Okawaru
 10780 | D:9      | Noticed a cyclops
 10834 | D:9      | Killed a cyclops
 10835 | D:9      | Reached XP level 11. HP: 84/84 MP: 11/11
 10859 | D:9      | Found a staircase to the Orcish Mines.
 10887 | D:9      | Found a staircase to the Lair.
 11130 | D:9      | Found a shimmering blue altar of Sif Muna.
 11141 | D:9      | Received a gift from Okawaru
 11156 | D:9      | Noticed an eight-headed hydra
 11183 | D:9      | Killed a two-headed hydra
 11456 | D:9      | Identified the +5 hunting sling of the Dripping Big Fish
                  | {speed, Str+2}
 11456 | D:9      | Noticed a skeletal warrior
 11713 | D:9      | Killed a skeletal warrior
 11830 | Lair:1   | Entered Level 1 of the Lair of Beasts
 11862 | Lair:1   | Received a gift from Okawaru
 12078 | Lair:1   | Reached skill level 11 in Axes
 12499 | Lair:1   | Received a gift from Okawaru
 13016 | Lair:2   | Received a gift from Okawaru
 13016 | Lair:2   | Reached ****** piety under Okawaru
 13032 | Lair:2   | Noticed a six-headed hydra
 13043 | Lair:2   | Killed a one-headed hydra
 13043 | Lair:2   | Identified the +9 hand axe of Leibydd {antimagic, rPois
                  | Str+7 Stlth+} (Okawaru gifted it to you on level 2 of the
                  | Lair of Beasts)
 13043 | Lair:2   | Received a gift from Okawaru
 13044 | Lair:2   | Gained mutation: You sometimes emit foul miasma when
                  | damaged in melee. [demonic ancestry]
 13044 | Lair:2   | Reached XP level 12. HP: 60/94 MP: 12/12
 13167 | Lair:2   | Noticed a four-headed hydra
 13175 | Lair:2   | Killed a one-headed hydra
 13219 | Lair:2   | Identified the +6 mace "Sihoemp" {drain, *Corrode rF+++
                  | Dex+6}
 13286 | Lair:2   | Acquired a manual of Armour
 13288 | Lair:2   | Acquired a manual of Shields
 13290 | Lair:2   | Acquired the +2 hat of the Thistle {rElec Dex+3}
 13350 | Lair:2   | Reached skill level 10 in Armour
 13408 | Lair:2   | Reached skill level 12 in Axes
 13544 | Lair:2   | Noticed Fannar
 13570 | Lair:2   | Killed Fannar
 13570 | Lair:2   | Received a gift from Okawaru
 13981 | Lair:3   | Found a hole to the Spider Nest.
 14063 | Lair:3   | Noticed Nergalle
 14086 | Lair:3   | Killed Nergalle
 14356 | Lair:3   | Got Quff's Tome of Hurtful Poison
 14710 | Lair:4   | Found a gate leading to a gauntlet.
 14719 | Gauntlet | Entered a Gauntlet
 14719 | Gauntlet | Found a transporter.
 14719 | Gauntlet | Found a transporter.
 14719 | Gauntlet | Found a transporter.
 14732 | Gauntlet | Found a transporter.
 14732 | Gauntlet | Found a transporter.
 14736 | Gauntlet | Found a runed translucent door.
 14738 | Gauntlet | Found a runed translucent door.
 14740 | Gauntlet | Found a transporter.
 14743 | Gauntlet | Found a transporter.
 14745 | Gauntlet | Noticed a death yak
 14745 | Gauntlet | Noticed a death yak
 14747 | Gauntlet | Noticed a death yak
 14748 | Gauntlet | Noticed a death yak
 14751 | Gauntlet | Found the macabre finger necklace {rN+}
 14752 | Gauntlet | Found a transporter.
 14769 | Gauntlet | Found a transporter.
 14773 | Gauntlet | Noticed a death scarab
 14782 | Gauntlet | Noticed a death scarab
 14786 | Gauntlet | Found a transporter.
 14789 | Gauntlet | Found a transporter.
 14791 | Gauntlet | Found a runed translucent gate.
 14791 | Gauntlet | Found a runed translucent gate.
 14792 | Gauntlet | Found a large runed translucent door.
 14792 | Gauntlet | Found a large runed translucent door.
 14793 | Gauntlet | Found a large runed translucent door.
 14794 | Gauntlet | Found a large runed translucent door.
 14795 | Gauntlet | Found a large runed translucent door.
 14795 | Gauntlet | Found a large runed translucent door.
 14795 | Gauntlet | Found a runed translucent door.
 14796 | Gauntlet | Found a large runed translucent door.
 14797 | Gauntlet | Found a large runed translucent door.
 14799 | Gauntlet | Found a transporter.
 14814 | Gauntlet | Noticed a catoblepas
 14838 | Gauntlet | Found a large runed translucent door.
 14839 | Gauntlet | Found a large runed translucent door.
 14840 | Gauntlet | Found a large runed translucent door.
 14840 | Gauntlet | Found a large runed translucent door.
 14840 | Gauntlet | Found a runed translucent door.
 14841 | Gauntlet | Found a large runed translucent door.
 14842 | Gauntlet | Found a large runed translucent door.
 14843 | Gauntlet | Found a large runed translucent door.
 14843 | Gauntlet | Found a large runed translucent door.
 14844 | Gauntlet | Found a runed translucent gate.
 14913 | Gauntlet | Killed a catoblepas
 15020 | Gauntlet | Killed a death scarab
 15028 | Gauntlet | Killed a death scarab
 15053 | Gauntlet | Identified the ring "Haeketin" {rCorr Str+4}
 15100 | Gauntlet | Noticed a minotaur
 15116 | Gauntlet | Killed a minotaur
 15117 | Gauntlet | Reached skill level 1 in Stealth
 15166 | Lair:4   | Found a staircase to the Shoals.
 15167 | Lair:4   | Found a runed translucent door.
 15181 | Lair:4   | Gained mutation: You have very sharp fingernails. [demonic
                  | ancestry]
 15181 | Lair:4   | Reached XP level 13. HP: 78/101 MP: 4/13
 15291 | Lair:4   | Reached skill level 10 in Shields
 15336 | Lair:4   | Identified the +7 spear "Dukhli" {freeze, Int+7}
 15738 | Lair:4   | Noticed quik's ghost (journeyman TeFE)
 15739 | Lair:4   | Found the +2 Maxwell's thermic engine {flame, freeze}
 15819 | Lair:4   | Killed quik's ghost
 16093 | Lair:5   | Reached skill level 13 in Axes
 16162 | Lair:5   | Found a frozen archway.
 16186 | IceCv    | Entered an ice cave
 16993 | Lair:5   | Identified the +8 arbalest "Emyasidy" {vorpal, MP+9 Str+4}
                  | (Okawaru gifted it to you on level 5 of the Lair of Beasts)
 16993 | Lair:5   | Received a gift from Okawaru
 17076 | Lair:5   | Killed from afar by a lindwurm

Illustrated notes

Levels and vault maps discovered:
D:1:      roderic_octagonal_star, layout_rooms
D:2:      minmay_recursive_quarters, layout_loops_ring,
          hellmonk_ecumenical_altar_blasted
D:3:      layout_basic, mainiacjoe_overflow_chevrons, nicolae_ru_awakened_eye,
          overflow_temple_1_default, uniq_crazy_yiuf_cottage, uniq_terence,
          uniq_robin
D:4:      layout_loops_cross, mainiacjoe_overflow_concentric_impassable,
          minmay_temple_entry_offerings, uniq_duvessa
D:5:      layout_loops_ring, amcnicky_altar_gilded
D:6:      layout_basic, serial_shops, shop
D:7:      layout_loops_cross, zin_purify,
          chequers_temple_overflow_statue_of_worship
D:8:      minmay_distorted_concentric_squares, layout_loops_ring,
          cheibrodos_ashenzari_chains, grunt_dithmenos_smoke_and_mirrors,
          gammafunk_ghost_arena, minmay_misc_feat_nine_boxes,
          hangedman_abyss_or_decor_passed
D:9:      minmay_the_grid_plus [minmay_the_grid_expand, minmay_the_grid_paths,
          minmay_the_grid_minigrid_medium, minmay_the_grid_medium_cups,
          minmay_the_grid_prize_big_room], layout_irregular_city,
          lemuel_crystal_altar, lair_entry_dummy, david_orc_3, enter_bailey_2,
          serial_shops, nicolae_stop_n_shop_2, minmay_crystal_water
Temple:   jpeg_temple_alley_garden
Lair:1:   kb_forest_paths, layout_chaotic_city, serial_bayou_shore_a
Lair:2:   layout_roguey, grunt_megastairs_5, uniq_fannar
Lair:3:   layout_hall_layers, spider_nest_entry_rubble,
          cheibrodos_lair_caveside_slide, beast_lair_carwin_10, uniq_nergalle
Lair:4:   layout_loops_ring, minmay_shoals_entry_beasts, gauntlet_entry_generic,
          ebering_ghost_inner_flame, nicolae_quartered_pool_little,
          serial_bayou_shore_b
Lair:5:   layout_roguey, portal_ice_cave_entry_pillars_2, minmay_lindwurm_lava

Skill      XL: |  1  2  3  4  5  6  7  8  9 10 11 12 13 |
---------------+----------------------------------------+-----
Axes           | 2 3 4 5 7 9 10 11 12 13 | 13.3
Armour         | 3 4 5 6 7 8 9 11 12 | 12.0
Shields        | 3 4 6 9 11 | 11.7
Throwing       | 1 2 |  2.5
Fighting       | 4 5 6 7 8 9 |  9.9
Dodging        | 1 2 |  2.4
Stealth        | 1 |  1.4

Action                   |  1- 3 |  4- 6 |  7- 9 | 10-12 | 13-15 || total
-------------------------+-------+-------+-------+-------+-------++-------
Melee: War axe           |   111 |   184 |    64 |       |       ||   359
       Hand axe          |       |       |   371 |   566 |   390 ||  1327
       Broad axe         |       |       |       |   246 |       ||   246
Throw: Dart              |       |    18 |     9 |       |       ||    27
Invok: Renounce Religion |     1 |       |       |       |       ||     1
Evoke: Wand              |       |       |     1 |       |       ||     1
  Use: Scroll            |       |     9 |     7 |    17 |     2 ||    35
       Potion            |       |     1 |     3 |     3 |     2 ||     9
Armor: Plate armour      |   105 |   155 |   326 |   467 |    37 ||  1090
       Crystal plate arm |       |       |       |    16 |   106 ||   122
Dodge: Dodged            |    23 |    51 |   119 |   207 |    42 ||   442
Block: Buckler           |    22 |    47 |    95 |   147 |       ||   311
       Tower shield      |       |       |       |   254 |   342 ||   596

Table legend: (Time is in decaauts)
 A = Elapsed time spent in this place.
 B = Non-inter-level travel time spent in this place.
 C = Inter-level travel time spent in this place.
 D = Time resting spent in this place.
 E = Time spent auto-exploring this place.
 F = Levels seen in this place.
 G = Mean time per level.
                   A        B        C        D        E       F      G
               +--------+--------+--------+--------+--------+-----+--------+
         Total |  17218 |  16689 |    529 |   1872 |  10910 |  17 | 1012.8 |
       Dungeon |  11809 |  11459 |    350 |   1806 |   7385 |   9 | 1312.1 |
        Temple |     78 |     46 |     32 |      0 |     33 |   1 |   78.0 |
          Lair |   4231 |   4084 |    147 |     58 |   2892 |   5 |  846.2 |
      Ice Cave |    638 |    638 |      0 |      0 |    372 |   1 |  638.0 |
      Gauntlet |    460 |    460 |      0 |      8 |    227 |   1 |  460.0 |
               +--------+--------+--------+--------+--------+-----+--------+

Top non-repeatable levels by time:
     D:7: 2228 daAuts
     D:3: 1778 daAuts
     D:4: 1693 daAuts
     D:9: 1259 daAuts
     D:8: 1221 daAuts
     D:5: 1163 daAuts
  Lair:1: 1127 daAuts
     D:2: 1112 daAuts
  Lair:2: 1024 daAuts
  Lair:4: 893 daAuts
     D:6: 798 daAuts
  Lair:3: 696 daAuts
   IceCv: 638 daAuts
     D:1: 554 daAuts
  Lair:5: 489 daAuts
